[Event "DFMMLV 2019"]
[Site "Braunfels"]
[Date "2019.06.21"]
[Round "3.42"]
[White "Moenster, Madita"]
[Black "Wulf, Constanze"]
[Result "0-1"]
[ECO "B90"]
[WhiteElo "1994"]
[BlackElo "1711"]
[Annotator "NA"]
[PlyCount "134"]
[EventDate "2019.06.20"]
[EventType "team-tourn"]
[EventCountry "GER"]
[SourceTitle "playchess.com"]
[Source "ChessBase"]
[SourceQuality "1"]
[WhiteTeam "Niedersachsen Bremen"]
[BlackTeam "Hamburg"]
[TimeControl "40/5400+30:1800+30"]

1. e4 c5 2. Nf3 d6 3. d4 cxd4 4. Nxd4 Nf6 5. Nc3 a6 6. f3 e5 7. Nb3 Be6 8. Be3 Be7 9. Qd2 Nbd7 10. O-O-O b5 11. g4 Nb6 12. g5 Nfd7 13. Kb1 Qc7 14. Nd5 Bxd5 15. exd5 O-O 16. h4 Nc4 17. Bxc4 bxc4 18. Na5 Rfc8 19. Nc6 Bf8 20. h5 Nb8 21. Nxb8 c3 22. Qd3 Rcxb8 23. b3 a5 24. Rh4 Rb4 25. Rdh1 Rab8 26. g6 fxg6 27. hxg6 h6 28. R4h2 Qb7 29. Rd1 Rc8 30. Qf5 Re8 31. Ka1 Rb5 32. Qe4 Qd7 33. Rdh1 Qb7 34. Rd1 Rb4 35. Qd3 Qc8 36. Rdh1 e4 37. fxe4 Rbxe4 38. Rh3 Qc7 39. Rf1 Qe7 40. Bc1 Re1 41. Qf3 Qf6 42. Qxf6 gxf6 43. Rhh1 Rxf1 44. Rxf1 Kg7 45. Rf3 Re5 46. Rxc3 Rxd5 47. Rc8 h5 48. c4 Re5 49. Bf4 Re4 50. Bd2 Be7 51. Bxa5 Kxg6 52. b4 f5 53. b5 Bf6+ 54. Kb1 f4 55. Kc2 f3 56. Rg8+ Kf5 57. Rg1 Rxc4+ 58. Kb3 Rc8 59. a4 Bd4 60. Rf1 Kg4 61. Bb4 Kg3 62. Bxd6+ Kg2 63. Rd1 Bb6 64. Kb4 Ra8 65. Ra1 f2 66. Bc5 Ba5+ 67. Kc4 f1=Q+ 0-1

[Event "DFMMLV 2019"]
[Site "Braunfels"]
[Date "2019.06.21"]
[Round "3.43"]
[White "Tobianski, Karina"]
[Black "Aden, Dagmar"]
[Result "1/2-1/2"]
[ECO "B22"]
[WhiteElo "1680"]
[BlackElo "1855"]
[Annotator "NA"]
[PlyCount "63"]
[EventDate "2019.06.20"]
[EventType "team-tourn"]
[EventCountry "GER"]
[SourceTitle "playchess.com"]
[Source "ChessBase"]
[SourceQuality "1"]
[WhiteTeam "Hamburg"]
[BlackTeam "Niedersachsen Bremen"]
[TimeControl "40/5400+30:1800+30"]

1. e4 c5 2. c3 Nf6 3. e5 Nd5 4. d4 cxd4 5. cxd4 e6 6. Nf3 Nc6 7. a3 a5 8. Bd3 d6 9. O-O dxe5 10. dxe5 Qc7 11. Re1 g6 12. Qe2 Bg7 13. Bd2 Bd7 14. Nc3 Nxc3 15. Bxc3 O-O 16. Rac1 Qb8 17. h4 Ne7 18. h5 Bc6 19. hxg6 hxg6 20. Ng5 Rd8 21. Bc4 Bd5 22. Bxd5 Nxd5 23. Qf3 Rd7 24. Rcd1 Qe8 25. Ne4 Nxc3 26. Qxc3 Rxd1 27. Rxd1 Rd8 28. Rxd8 Qxd8 29. Nf6+ Bxf6 30. exf6 Qd1+ 31. Kh2 Qh5+ 32. Kg1 1/2-1/2

[Event "DFMMLV 2019"]
[Site "Braunfels"]
[Date "2019.06.21"]
[Round "3.44"]
[White "Wollscheid, Stefanie"]
[Black "Neumann, Ramona"]
[Result "1/2-1/2"]
[ECO "C02"]
[WhiteElo "1705"]
[BlackElo "1709"]
[Annotator "NA"]
[PlyCount "112"]
[EventDate "2019.06.20"]
[EventType "team-tourn"]
[EventCountry "GER"]
[SourceTitle "playchess.com"]
[Source "ChessBase"]
[SourceQuality "1"]
[WhiteTeam "Niedersachsen Bremen"]
[BlackTeam "Hamburg"]
[TimeControl "40/5400+30:1800+30"]

1. e4 e6 2. d4 d5 3. e5 c5 4. c3 Nc6 5. Nf3 Qb6 6. Be2 Nge7 7. b3 Nf5 8. Bb2 cxd4 9. cxd4 Bb4+ 10. Kf1 Bd7 11. a4 a6 12. g4 Nfe7 13. Bd3 Ba5 14. Na3 Nb4 15. Rc1 Nxd3 16. Qxd3 Nc6 17. Qe3 Qd8 18. Nc2 O-O 19. Rg1 f6 20. g5 fxe5 21. Nxe5 Nxe5 22. dxe5 b5 23. Rg4 Be8 24. Nd4 Bb6 25. Qh3 Bg6 26. Rg3 Bxd4 27. Bxd4 Qd7 28. a5 Rf4 29. Bb6 Bf5 30. Qg2 Rc8 31. Rgc3 Rxc3 32. Rxc3 Be4 33. Qg3 Rf8 34. Rc7 Qe8 35. Qc3 Qh5 36. Ke1 Qxh2 37. Kd2 Qh5 38. Be3 Qh2 39. Rc8 h6 40. Rxf8+ Kxf8 41. Qc8+ Kf7 42. Qd7+ Kf8 43. Qxe6 d4 44. Qd6+ Kg8 45. Qxd4 Bf5 46. gxh6 gxh6 47. Qd8+ Kh7 48. e6 Qe5 49. Qe7+ Qg7 50. Qxg7+ Kxg7 51. e7 Kf7 52. Bxh6 Kxe7 53. Ke3 Ke6 54. Kd4 Kd6 55. b4 Bc8 56. f4 Ke6 1/2-1/2

[Event "DFMMLV 2019"]
[Site "Braunfels"]
[Date "2019.06.21"]
[Round "3.45"]
[White "Hoefner, Nina"]
[Black "Grabowski, Petra"]
[Result "1-0"]
[ECO "C10"]
[WhiteElo "1557"]
[BlackElo "1626"]
[Annotator "NA"]
[PlyCount "63"]
[EventDate "2019.06.20"]
[EventType "team-tourn"]
[EventCountry "GER"]
[SourceTitle "playchess.com"]
[Source "ChessBase"]
[SourceQuality "1"]
[WhiteTeam "Hamburg"]
[BlackTeam "Niedersachsen Bremen"]
[TimeControl "40/5400+30:1800+30"]

1. e4 e6 2. d4 d5 3. Nc3 dxe4 4. Nxe4 Nd7 5. Nf3 Ngf6 6. Bg5 Be7 7. Nxf6+ Nxf6 8. Bd3 O-O 9. c3 c5 10. dxc5 Bxc5 11. Qc2 h6 12. Bh4 a6 13. O-O-O Qe7 14. Ne5 g5 15. Bg3 Nd7 16. h4 Nxe5 17. Bxe5 f6 18. Bg3 Rf7 19. hxg5 hxg5 20. Rh6 Rg7 21. Rdh1 Kf8 22. Rh8+ Rg8 23. Rxg8+ Kxg8 24. Bh7+ Kf8 25. Bg6 f5 26. Be5 Be3+ 27. fxe3 Qc5 28. Rh8+ Ke7 29. Rh7+ Kf8 30. Qd3 Qa5 31. Rh8+ Ke7 32. Re8# 1-0

[Event "DFMMLV 2019"]
[Site "Braunfels"]
[Date "2019.06.21"]
[Round "3.46"]
[White "Wenke, Andrea"]
[Black "Harder, Daniella"]
[Result "0-1"]
[ECO "B13"]
[WhiteElo "1756"]
[BlackElo "1630"]
[Annotator "NA"]
[PlyCount "108"]
[EventDate "2019.06.20"]
[EventType "team-tourn"]
[EventCountry "GER"]
[SourceTitle "playchess.com"]
[Source "ChessBase"]
[SourceQuality "1"]
[WhiteTeam "Niedersachsen Bremen"]
[BlackTeam "Hamburg"]
[TimeControl "40/5400+30:1800+30"]

1. e4 c6 2. d4 d5 3. exd5 cxd5 4. Nf3 Bg4 5. Be2 e6 6. Ne5 Bxe2 7. Qxe2 a6 8. Qf3 Qf6 9. Qc3 Qd8 10. O-O Bd6 11. Nf3 Ne7 12. Ng5 Qc7 13. Qxc7 Bxc7 14. c3 O-O 15. Nd2 Ng6 16. g3 Nc6 17. f4 Nce7 18. Ndf3 h5 19. h4 Nf5 20. Kg2 Rae8 21. Re1 Re7 22. a4 Rfe8 23. Ne5 Bxe5 24. fxe5 f6 25. Nf3 Kh7 26. Bd2 Rg8 27. Ra3 Nh6 28. Rb3 Nf7 29. exf6 gxf6 30. Rb6 Nd8 31. b4 Rc7 32. Rd6 Kg7 33. Rc1 Kf7 34. a5 Nc6 35. Re1 Nf8 36. Bf4 Ne7 37. Bd2 Nf5 38. Rb6 Nxg3 39. Kf2 Ne4+ 40. Ke3 Nd7 41. Rg1 Rxg1 42. Nxg1 Nxb6 43. axb6 Rc6 44. Kd3 Nxd2 45. Kxd2 Rxb6 46. Ne2 a5 47. bxa5 Rb2+ 48. Kd3 e5 49. dxe5 fxe5 50. Ng3 Kg6 51. Ne2 Ra2 52. c4 dxc4+ 53. Ke3 Rxe2+ 54. Kxe2 Kf5 0-1

[Event "DFMMLV 2019"]
[Site "Braunfels"]
[Date "2019.06.21"]
[Round "3.47"]
[White "Reich, Kristina"]
[Black "Luecke, Kristina"]
[Result "1/2-1/2"]
[ECO "B38"]
[WhiteElo "1544"]
[BlackElo "1513"]
[Annotator "NA"]
[PlyCount "75"]
[EventDate "2019.06.20"]
[EventType "team-tourn"]
[EventCountry "GER"]
[SourceTitle "playchess.com"]
[Source "ChessBase"]
[SourceQuality "1"]
[WhiteTeam "Hamburg"]
[BlackTeam "Niedersachsen Bremen"]
[TimeControl "40/5400+30:1800+30"]

1. e4 c5 2. Nf3 g6 3. d4 cxd4 4. Nxd4 Bg7 5. c4 Nc6 6. Be3 Nf6 7. Nc3 O-O 8. Be2 d6 9. O-O Be6 10. Qd2 a6 11. f3 Qc7 12. b3 Rfc8 13. Rfc1 Qa5 14. Rab1 Rab8 15. Bf1 Nxd4 16. Bxd4 Bd7 17. Rc2 b5 18. b4 Qd8 19. c5 Bc6 20. cxd6 Qxd6 21. e5 Qe6 22. exf6 Bxf6 23. Bf2 Rd8 24. Qe2 Qd7 25. Ne4 Bxe4 26. Qxe4 e6 27. Qc6 Ra8 28. Be2 Qxc6 29. Rxc6 Rd2 30. Bd1 Rxa2 31. Bb3 Rd2 32. h3 Bd4 33. Bxd4 Rxd4 34. Ba2 Rd2 35. Bb3 Rd4 36. Ba2 Rd2 37. Bb3 Rd4 38. Ba2 1/2-1/2

[Event "DFMMLV 2019"]
[Site "Braunfels"]
[Date "2019.06.21"]
[Round "3.48"]
[White "Evering, Kira"]
[Black "Hoelzer, Jeanette"]
[Result "0-1"]
[ECO "C45"]
[WhiteElo "1332"]
[BlackElo "1662"]
[Annotator "NA"]
[PlyCount "40"]
[EventDate "2019.06.20"]
[EventType "team-tourn"]
[EventCountry "GER"]
[SourceTitle "playchess.com"]
[Source "ChessBase"]
[SourceQuality "1"]
[WhiteTeam "Niedersachsen Bremen"]
[BlackTeam "Hamburg"]
[TimeControl "40/5400+30:1800+30"]

1. e4 e5 2. Nf3 Nc6 3. d4 exd4 4. Nxd4 Bc5 5. Nb3 Bb6 6. Nc3 Nge7 7. Qe2 O-O 8. Be3 f5 9. O-O-O f4 10. Qc4+ Kh8 11. Bd4 Nxd4 12. Nxd4 Nf5 13. Ne6 d5 14. exd5 Bxe6 15. dxe6 Qe8 16. Nd5 Qxe6 17. Nxb6 Qxb6 18. Rd2 Rad8 19. Rxd8 Rxd8 20. f3 Qe3+ 0-1

[Event "DFMMLV 2019"]
[Site "Braunfels"]
[Date "2019.06.21"]
[Round "3.49"]
[White "Froehlich, Franziska"]
[Black "Bardorz, Jana"]
[Result "1-0"]
[ECO "C95"]
[WhiteElo "1820"]
[BlackElo "1769"]
[Annotator "NA"]
[PlyCount "109"]
[EventDate "2019.06.20"]
[EventType "team-tourn"]
[EventCountry "GER"]
[SourceTitle "playchess.com"]
[Source "ChessBase"]
[SourceQuality "1"]
[WhiteTeam "Wuerttemberg 2"]
[BlackTeam "Bayern 2"]
[TimeControl "40/5400+30:1800+30"]

1. e4 e5 2. Nf3 Nc6 3. Bb5 a6 4. Ba4 Nf6 5. O-O Be7 6. Re1 b5 7. Bb3 d6 8. c3 O-O 9. h3 Nb8 10. d4 Nbd7 11. Nbd2 Bb7 12. Bc2 Re8 13. Nf1 Bf8 14. Ng3 g6 15. a4 c5 16. axb5 axb5 17. Rxa8 Qxa8 18. d5 c4 19. Nh2 Nc5 20. Bg5 Be7 21. Qc1 Nfd7 22. Bxe7 Rxe7 23. Ng4 Qf8 24. Qg5 f6 25. Qd2 h5 26. Ne3 Re8 27. Qd1 Qh6 28. Nef5 gxf5 29. Nxf5 Qh7 30. Nxd6 Rf8 31. Re3 Ba6 32. Nf5 Kh8 33. d6 Rg8 34. Ne7 Rg5 35. Qf3 Nb7 36. Nd5 Qg6 37. Nc7 Nbc5 38. g3 Nf8 39. Kh2 Nfe6 40. d7 Bb7 41. h4 Rg4 42. Qf5 Qxf5 43. exf5 Nd8 44. Nxb5 Nxd7 45. Nd6 Bd5 46. Bd1 Rg7 47. Bxh5 Nf7 48. Ne8 Rg8 49. Nc7 Nh6 50. Nxd5 Nxf5 51. Re2 Nd6 52. Bf3 Kg7 53. Rd2 Rd8 54. Ne3 Nf7 55. Nxc4 1-0

[Event "DFMMLV 2019"]
[Site "Braunfels"]
[Date "2019.06.21"]
[Round "3.50"]
[White "Todorova, Kalina"]
[Black "Yi, Wendy"]
[Result "0-1"]
[ECO "D37"]
[WhiteElo "1796"]
[BlackElo "1820"]
[Annotator "NA"]
[PlyCount "132"]
[EventDate "2019.06.20"]
[EventType "team-tourn"]
[EventCountry "GER"]
[SourceTitle "playchess.com"]
[Source "ChessBase"]
[SourceQuality "1"]
[WhiteTeam "Bayern 2"]
[BlackTeam "Wuerttemberg 2"]
[TimeControl "40/5400+30:1800+30"]

1. d4 d5 2. c4 e6 3. Nc3 Nf6 4. Nf3 Nbd7 5. g3 Be7 6. Bg2 O-O 7. Qc2 dxc4 8. e4 c5 9. O-O cxd4 10. Nxd4 e5 11. Nf3 Rb8 12. Rd1 Qc7 13. Nd5 Nxd5 14. exd5 b5 15. Ng5 Nf6 16. a4 b4 17. Nf3 Bd6 18. Bg5 Nd7 19. Rac1 Ba6 20. Nd2 Rfc8 21. Bf1 b3 22. Qf5 h6 23. Be3 Nb6 24. Bxb6 Qxb6 25. Bxc4 Bb4 26. Bxa6 Rxc1 27. Rxc1 Bxd2 28. Rc8+ Rxc8 29. Qxc8+ Kh7 30. Bd3+ g6 31. Qe8 Qf6 32. f4 exf4 33. Qe4 fxg3 34. hxg3 Ba5 35. Qg2 Qd4+ 36. Qf2 Qxd5 37. Qf1 Bb6+ 38. Kh2 Kg7 39. Bc4 Qd7 40. Bxb3 Bd4 41. Qg2 Qf5 42. Bc4 Qh5+ 43. Qh3 Qxh3+ 44. Kxh3 Bxb2 45. g4 a5 46. Kg3 f6 47. Be6 h5 48. gxh5 gxh5 49. Kh4 Kg6 50. Bd7 Bc3 51. Be8+ Kh6 52. Bd7 Be1+ 53. Kh3 Kg5 54. Kg2 Kf4 55. Bc6 f5 56. Bb7 Ke3 57. Bf3 h4 58. Bc6 f4 59. Kf1 Bc3 60. Bg2 f3 61. Bh3 Kf4 62. Kg1 Kg3 63. Bf1 Bd4+ 64. Kh1 Kf2 65. Bh3 Ke1 66. Bg4 f2 0-1

[Event "DFMMLV 2019"]
[Site "Braunfels"]
[Date "2019.06.21"]
[Round "3.51"]
[White "Lederer, Leia"]
[Black "Alsheimer, Lea"]
[Result "1/2-1/2"]
[ECO "C02"]
[WhiteElo "1728"]
[BlackElo "1707"]
[Annotator "NA"]
[PlyCount "36"]
[EventDate "2019.06.20"]
[EventType "team-tourn"]
[EventCountry "GER"]
[SourceTitle "playchess.com"]
[Source "ChessBase"]
[SourceQuality "1"]
[WhiteTeam "Wuerttemberg 2"]
[BlackTeam "Bayern 2"]
[TimeControl "40/5400+30:1800+30"]

1. e4 e6 2. d4 d5 3. e5 c5 4. Nf3 Nc6 5. Nc3 cxd4 6. Nxd4 Bc5 7. Be3 Qe7 8. Bb5 Bd7 9. Bxc6 bxc6 10. Qg4 f5 11. Qh5+ g6 12. Qd1 Bxd4 13. Qxd4 g5 14. Na4 Nh6 15. Bd2 f4 16. Bb4 Nf5 17. Qc3 Qd8 18. Nc5 a5 1/2-1/2

[Event "DFMMLV 2019"]
[Site "Braunfels"]
[Date "2019.06.21"]
[Round "3.52"]
[White "Pavlov, Liliane"]
[Black "Roesler, Hannah Clara Hed"]
[Result "0-1"]
[ECO "A58"]
[WhiteElo "1619"]
[BlackElo "1638"]
[Annotator "NA"]
[PlyCount "84"]
[EventDate "2019.06.20"]
[EventType "team-tourn"]
[EventCountry "GER"]
[SourceTitle "playchess.com"]
[Source "ChessBase"]
[SourceQuality "1"]
[WhiteTeam "Bayern 2"]
[BlackTeam "Wuerttemberg 2"]
[TimeControl "40/5400+30:1800+30"]

1. d4 Nf6 2. c4 c5 3. d5 b5 4. cxb5 a6 5. bxa6 Bxa6 6. Nc3 g6 7. g3 d6 8. Bg2 Bg7 9. Nf3 O-O 10. O-O Nbd7 11. h3 Qa5 12. Bd2 Rfb8 13. Rb1 Qc7 14. b3 Nb6 15. Ne1 Qb7 16. Be3 Ne8 17. Bd2 Nc7 18. Nc2 Qc8 19. Re1 f5 20. e4 fxe4 21. Nxe4 Bb7 22. Bc3 Bxd5 23. Bxg7 Kxg7 24. Nc3 Bxg2 25. Kxg2 Qd7 26. b4 c4 27. Qd4+ e5 28. Qh4 Rf8 29. Ne3 Qc6+ 30. Kg1 Rae8 31. Ne4 d5 32. Ng5 h6 33. Ng4 hxg5 34. Qh6+ Kg8 35. Nxe5 Rxe5 36. Rxe5 Qf6 37. Rxg5 Qxf2+ 38. Kh1 Qf3+ 39. Kh2 Qe2+ 40. Kg1 Qe3+ 41. Kg2 Rf2+ 42. Kg1 Rb2+ 0-1

[Event "DFMMLV 2019"]
[Site "Braunfels"]
[Date "2019.06.21"]
[Round "3.53"]
[White "Hoeglauer, Jenny"]
[Black "Schaefer, Ann-Kathrin"]
[Result "0-1"]
[ECO "B20"]
[WhiteElo "1703"]
[BlackElo "1714"]
[Annotator "NA"]
[PlyCount "48"]
[EventDate "2019.06.20"]
[EventType "team-tourn"]
[EventCountry "GER"]
[SourceTitle "playchess.com"]
[Source "ChessBase"]
[SourceQuality "1"]
[WhiteTeam "Wuerttemberg 2"]
[BlackTeam "Bayern 2"]
[TimeControl "40/5400+30:1800+30"]

1. e4 c5 2. Nc3 a6 3. a4 b6 4. f4 Bb7 5. Bc4 e6 6. d3 d5 7. exd5 exd5 8. Qe2+ Be7 9. Bb3 Nf6 10. Nf3 Nc6 11. O-O O-O 12. Ne5 Nd4 13. Qf2 Nxb3 14. cxb3 d4 15. Ne2 Bd5 16. Nc4 b5 17. axb5 axb5 18. Rxa8 Bxa8 19. Na3 Qd7 20. Nc2 b4 21. Bd2 Qd5 22. Nc1 Bd6 23. Re1 Nh5 24. g3 Qe5 0-1

[Event "DFMMLV 2019"]
[Site "Braunfels"]
[Date "2019.06.21"]
[Round "3.54"]
[White "Weber, Leonora"]
[Black "Zell, Mirjam"]
[Result "0-1"]
[ECO "C54"]
[WhiteElo "1712"]
[BlackElo "1660"]
[Annotator "NA"]
[PlyCount "79"]
[EventDate "2019.06.20"]
[EventType "team-tourn"]
[EventCountry "GER"]
[SourceTitle "playchess.com"]
[Source "ChessBase"]
[SourceQuality "1"]
[WhiteTeam "Bayern 2"]
[BlackTeam "Wuerttemberg 2"]
[TimeControl "40/5400+30:1800+30"]

1. e4 e5 2. Nf3 Nc6 3. Bc4 Bc5 4. c3 Nf6 5. d4 exd4 6. cxd4 Bb4+ 7. Bd2 Bxd2+ 8. Nbxd2 d6 9. O-O O-O 10. e5 dxe5 11. dxe5 Ng4 12. Re1 Re8 13. Re2 Ngxe5 14. Nxe5 Rxe5 15. Nf3 Qxd1+ 16. Rxd1 Rxe2 17. Bxe2 Be6 18. a3 a6 19. Nd4 Nxd4 20. Rxd4 Kf8 21. Bf3 Rb8 22. Rb4 b6 23. Rd4 Ke7 24. Kf1 Rd8 25. Rxd8 Kxd8 26. Ke2 Kd7 27. Kd3 Kd6 28. Kd4 c5+ 29. Ke4 Bd5+ 30. Ke3 Bxf3 31. gxf3 Kd5 32. Kd3 b5 33. f4 a5 34. f3 a4 35. Kc3 g6 36. h3 h6 37. h4 h5 38. Kd3 Ke6 39. Ke3 Kf5 {Ke4+} 40. b4 0-1

[Event "DFMMLV 2019"]
[Site "Braunfels"]
[Date "2019.06.21"]
[Round "3.55"]
[White "Zell, Hannah"]
[Black "Albayrak, Berrak"]
[Result "1/2-1/2"]
[ECO "B08"]
[WhiteElo "1473"]
[BlackElo "1491"]
[Annotator "NA"]
[PlyCount "80"]
[EventDate "2019.06.20"]
[EventType "team-tourn"]
[EventCountry "GER"]
[SourceTitle "playchess.com"]
[Source "ChessBase"]
[SourceQuality "1"]
[WhiteTeam "Wuerttemberg 2"]
[BlackTeam "Bayern 2"]
[TimeControl "40/5400+30:1800+30"]

1. e4 d6 2. d4 Nf6 3. Nc3 g6 4. Nf3 Bg7 5. Be3 c6 6. h3 Qc7 7. Qd2 h5 8. Be2 Nbd7 9. a3 Nb6 10. O-O-O Bd7 11. Nh2 O-O-O 12. f4 Kb8 13. Nf3 Nh7 14. Kb1 f6 15. Qc1 e5 16. dxe5 dxe5 17. fxe5 fxe5 18. Ng5 Nxg5 19. Bxg5 Rde8 20. Rhf1 Be6 21. Qd2 Nc4 22. Bxc4 Bxc4 23. Rf2 Rhf8 24. Rxf8 Bxf8 25. Qd7 Qxd7 26. Rxd7 Kc8 27. Rd2 Be7 28. Bxe7 Rxe7 29. b3 Be6 30. Rf2 Rf7 31. Nd1 g5 32. Kc1 Rxf2 33. Nxf2 Kd7 34. Kd2 Kd6 35. Kc3 a5 36. g3 h4 37. g4 b5 38. b4 a4 39. Nd3 Bc4 40. Kd2 Ke6 1/2-1/2

[Event "DFMMLV 2019"]
[Site "Braunfels"]
[Date "2019.06.21"]
[Round "3.56"]
[White "Metzner, Anita"]
[Black "Krotsch, Maxi"]
[Result "1-0"]
[ECO "D41"]
[WhiteElo "1524"]
[BlackElo "942"]
[Annotator "NA"]
[PlyCount "67"]
[EventDate "2019.06.20"]
[EventType "team-tourn"]
[EventCountry "GER"]
[SourceTitle "playchess.com"]
[Source "ChessBase"]
[SourceQuality "1"]
[WhiteTeam "Bayern 2"]
[BlackTeam "Wuerttemberg 2"]
[TimeControl "40/5400+30:1800+30"]

1. d4 d5 2. c4 e6 3. Nc3 Nf6 4. Nf3 c5 5. cxd5 exd5 6. Bg5 Be7 7. Bxf6 Bxf6 8. dxc5 d4 9. Ne4 Qa5+ 10. Qd2 Qxd2+ 11. Nfxd2 Be5 12. Nc4 Bc7 13. Ned6+ Bxd6 14. Nxd6+ Kd7 15. O-O-O Nc6 16. Nf5 Ke8 17. Nxd4 Ne5 18. e3 Be6 19. Nxe6 fxe6 20. Bb5+ Kf7 21. Rd4 Rac8 22. b4 a6 23. Be2 Nc6 24. Rd7+ Ke8 25. Rxb7 a5 26. a3 Nd8 27. Rxg7 axb4 28. axb4 Nc6 29. b5 Nb4 30. c6 Na2+ 31. Kb2 Nb4 32. Ra1 Rf8 33. Raa7 Rd8 34. Rae7# 1-0

[Event "DFMMLV 2019"]
[Site "Braunfels"]
[Date "2019.06.21"]
[Round "4"]
[White "Nagel, Verena"]
[Black "Sokalskaja, Elena"]
[Result "0-1"]
[ECO "A48"]
[WhiteElo "2029"]
[BlackElo "2014"]
[Annotator "NA"]
[PlyCount "78"]
[EventDate "2019.06.20"]
[EventType "team-tourn"]
[EventCountry "GER"]
[SourceTitle "playchess.com"]
[Source "ChessBase"]
[SourceQuality "1"]
[WhiteTeam "Sachsen"]
[BlackTeam "NRW"]
[TimeControl "40/5400+30:1800+30"]

1. d4 Nf6 2. Nf3 g6 3. e3 Bg7 4. b3 c5 5. Bd3 Nc6 6. Bb2 O-O 7. O-O cxd4 8. exd4 d5 9. Nbd2 Nb4 10. Be2 Bf5 11. c3 Nd3 12. Bxd3 Bxd3 13. Re1 Rc8 14. Ne5 Bf5 15. g4 Be6 16. g5 Nh5 17. Qf3 b5 18. Ba3 Rc7 19. Bc5 Qc8 20. b4 f6 21. gxf6 Rxf6 22. Qd3 Nf4 23. Qxb5 Nh3+ 24. Kh1 Nxf2+ 25. Kg1 Nh3+ 26. Kh1 Nf2+ 27. Kg1 Bh6 28. Nf1 Nh3+ 29. Kh1 Bf5 30. Ng3 Be4+ 31. Nxe4 dxe4 32. Rf1 Nf2+ 33. Rxf2 Rxf2 34. d5 e3 35. Nd3 Qh3 36. Nxf2 Qf3+ 37. Kg1 Qxf2+ 38. Kh1 Bf4 39. Qb8+ Kf7 0-1

[Event "DFMMLV 2019"]
[Site "Braunfels"]
[Date "2019.06.21"]
[Round "4"]
[White "Schmidt, Andrea"]
[Black "Just, Anita"]
[Result "1/2-1/2"]
[ECO "C01"]
[WhiteElo "2006"]
[BlackElo "1866"]
[Annotator "NA"]
[PlyCount "63"]
[EventDate "2019.06.20"]
[EventType "team-tourn"]
[EventCountry "GER"]
[SourceTitle "playchess.com"]
[Source "ChessBase"]
[SourceQuality "1"]
[WhiteTeam "NRW"]
[BlackTeam "Sachsen"]
[TimeControl "40/5400+30:1800+30"]

1. e4 e6 2. d4 d5 3. exd5 exd5 4. Nf3 Nc6 5. Bb5 Bd6 6. c3 Nge7 7. Bg5 f6 8. Bh4 Bg4 9. Bg3 Qd7 10. Bxd6 Qxd6 11. Nbd2 O-O-O 12. Qa4 Qe6+ 13. Kd1 Kb8 14. Re1 Bxf3+ 15. Nxf3 Qg4 16. Bf1 Nc8 17. h3 Qf5 18. Qc2 Qxc2+ 19. Kxc2 Nd6 20. Bd3 Rde8 21. Nd2 f5 22. g3 g6 23. b4 Kc8 24. Nf3 Kd8 25. b5 Na5 26. Ne5 Re7 27. f4 Rhe8 28. a4 Ndc4 29. Bxc4 Nxc4 30. a5 Kc8 31. Reb1 Re6 32. h4 1/2-1/2

[Event "DFMMLV 2019"]
[Site "Braunfels"]
[Date "2019.06.22"]
[Round "4.1"]
[White "Li, Zhuoling"]
[Black "Hess, Olena"]
[Result "1/2-1/2"]
[ECO "C41"]
[WhiteElo "2140"]
[BlackElo "2097"]
[Annotator "NA"]
[PlyCount "81"]
[EventDate "2019.06.20"]
[EventType "team-tourn"]
[EventCountry "GER"]
[SourceTitle "playchess.com"]
[Source "ChessBase"]
[SourceQuality "1"]
[WhiteTeam "Wuerttemberg 1"]
[BlackTeam "NRW"]
[TimeControl "40/5400+30:1800+30"]

1. e4 d6 2. d4 Nf6 3. Nc3 e5 4. Nf3 Nbd7 5. Bc4 Be7 6. O-O O-O 7. a4 c6 8. Re1 Qc7 9. h3 b6 10. d5 Bb7 11. b3 cxd5 12. exd5 Nc5 13. Ba3 Kh8 14. Qe2 Rae8 15. Bc1 Bc8 16. b4 Ncd7 17. Bd2 Bb7 18. a5 bxa5 19. Rxa5 Nb6 20. Bb3 a6 21. Rea1 Rc8 22. b5 axb5 23. Nxb5 Qd8 24. c4 Nfd7 25. Be3 Nc5 26. Bc2 Nbd7 27. Nd2 f5 28. f3 Ra8 29. Rxa8 Bxa8 30. Nb3 Nxb3 31. Bxb3 Bb7 32. Bc2 g6 33. Qd2 Nf6 34. Qf2 Qd7 35. Nc3 Ra8 36. Rxa8+ Bxa8 37. Ba4 Qc8 38. Qa2 Bb7 39. Qb3 Kg7 40. Qb4 h6 41. Nb5 1/2-1/2

[Event "DFMMLV 2019"]
[Site "Braunfels"]
[Date "2019.06.22"]
[Round "4.2"]
[White "Plass, Mariana-Camelia"]
[Black "Meier, Annemarie"]
[Result "0-1"]
[ECO "E15"]
[WhiteElo "2042"]
[BlackElo "2267"]
[Annotator "NA"]
[PlyCount "60"]
[EventDate "2019.06.20"]
[EventType "team-tourn"]
[EventCountry "GER"]
[SourceTitle "playchess.com"]
[Source "ChessBase"]
[SourceQuality "1"]
[WhiteTeam "NRW"]
[BlackTeam "Wuerttemberg 1"]
[TimeControl "40/5400+30:1800+30"]

1. d4 Nf6 2. c4 e6 3. Nf3 b6 4. g3 Ba6 5. Qc2 Bb4+ 6. Bd2 Be7 7. Bg2 c6 8. Ne5 O-O 9. O-O Qc8 10. Bf4 d6 11. Nd3 d5 12. Nd2 Rd8 13. c5 bxc5 14. dxc5 Nbd7 15. b4 Nh5 16. e4 Nxf4 17. gxf4 Nf6 18. e5 Nh5 19. f5 exf5 20. f4 g6 21. Nb3 Ng7 22. Rf3 Bxd3 23. Qxd3 Ne6 24. Nd4 a5 25. Nxe6 fxe6 26. Qd4 axb4 27. Qxb4 Qb8 28. Qd4 Ra5 29. Rc3 Qb2 30. Rd1 Rxa2 0-1

[Event "DFMMLV 2019"]
[Site "Braunfels"]
[Date "2019.06.22"]
[Round "4.3"]
[White "Mira, Helene"]
[Black "Sokalska, Viktorija"]
[Result "1-0"]
[ECO "D90"]
[WhiteElo "2029"]
[BlackElo "1961"]
[Annotator "NA"]
[PlyCount "125"]
[EventDate "2019.06.20"]
[EventType "team-tourn"]
[EventCountry "GER"]
[SourceTitle "playchess.com"]
[Source "ChessBase"]
[SourceQuality "1"]
[WhiteTeam "Wuerttemberg 1"]
[BlackTeam "NRW"]
[TimeControl "40/5400+30:1800+30"]

1. Nf3 Nf6 2. d4 g6 3. c4 Bg7 4. Nc3 d5 5. Qa4+ c6 6. cxd5 Nxd5 7. e4 Nxc3 8. bxc3 O-O 9. Qa3 Nd7 10. Bg5 Re8 11. Bc4 h6 12. Qb3 Rf8 13. Be3 b5 14. Be2 Nf6 15. e5 Nd5 16. Bd2 Be6 17. O-O Nf4 18. Qd1 Nxe2+ 19. Qxe2 Bc4 20. Qe4 Bxf1 21. Rxf1 e6 22. Qxc6 Qd5 23. Qa6 Rfc8 24. Rb1 Rcb8 25. Qa3 Bf8 26. Qb2 a5 27. a3 Kh7 28. h3 Rb7 29. Nh2 Be7 30. Ng4 h5 31. Ne3 Qc6 32. c4 Rab8 33. c5 b4 34. axb4 axb4 35. Nc4 Qe4 36. Re1 Qd3 37. Nd6 Bxd6 38. exd6 Qb5 39. Qb3 Ra7 40. Rb1 Qe2 41. Qe3 Qxe3 42. fxe3 b3 43. Bc3 Ra6 44. e4 Rc6 45. Kf2 e5 46. Ke3 f6 47. Kd3 f5 48. exf5 gxf5 49. Kc4 exd4 50. Bxd4 Ra6 51. Kd5 Kg6 52. d7 Kf7 53. Rxb3 Rd8 54. c6 Ke7 55. Bc5+ Kf6 56. Kd6 Ra2 57. Bd4+ Kf7 58. c7 Ra6+ 59. Rb6 Raa8 60. cxd8=Q Rxd8 61. Kc7 f4 62. Kxd8 f3 63. Rb4 {Ke8+} 1-0